 Dungeon Crawl Stone Soup version 0.19.5 (webtiles) character file.

777 tidbits the Archer (level 7, -2/47 HPs)
             Began as a High Elf Hunter on Oct 31, 2017.
             Was a Follower of Okawaru.
             Slain by an orc warrior
             ... wielding a +0 scimitar
              (9 damage)
             ... on level 6 of the Dungeon.
             The game lasted 00:17:42 (1683 turns).

tidbits the Archer (High Elf Hunter)                Turns: 1683, Time: 00:17:43

Health: -2/47      AC:  7    Str: 18    XL:     7   Next: 54%
Magic:  7/9        EV: 17    Int: 16    God:    Okawaru [*.....]
Gold:   217        SH:  0    Dex: 15    Spells: 0 memorised, 6 levels left

rFire  . . .     SeeInvis .     b - +3 hand axe
rCold  . . .     Gourm    .     B - +0 ring mail
rNeg   . . .     Faith    .     (no shield)
rPois  .         Spirit   .     (helmet restricted)
rElec  .         Reflect  .     (no cloak)
rCorr  .         Harm     .     G - +0 pair of gloves
MR     .....                    (no boots)
Stlth  +++.......               A - amulet of magic regeneration
                                (no ring)
                                (no ring)

@: mighty, heroism
A: antennae 1, MP-powered wands, sturdy frame 1
a: Heroism, Renounce Religion


You were on level 6 of the Dungeon.
You worshipped Okawaru.
Okawaru was aware of your devotion.
You were not hungry.

You visited 1 branch of the dungeon, and saw 7 of its levels.

You collected 217 gold pieces.

Inventory:

Hand Weapons
 a - a +1 shortbow
 b - a +3 hand axe (weapon)
   (You found it on level 2 of the Dungeon)
 i - a +0 short sword
   (You took it off a kobold on level 1 of the Dungeon)
 n - a +0 hunting sling
   (You found it on level 1 of the Dungeon)
 o - a +0 short sword
Missiles
 j - 156 stones (quivered)
 l - 25 sling bullets
 m - 6 javelins
 p - 20 bolts
Armour
 k - a +0 leather armour
 s - a +0 scale mail
   (You found it on level 1 of the Dungeon)
 B - a +0 ring mail (worn)
   (You found it on level 1 of the Dungeon)
 G - a +0 pair of gloves (worn)
   (You found it on level 3 of the Dungeon)
Jewellery
 A - an amulet of magic regeneration (around neck)
   (You found it on level 7 of the Dungeon)
Scrolls
 e - a scroll of recharging {unknown}
 g - 2 scrolls of fog {unknown}
 r - 2 scrolls of noise
 t - a scroll of remove curse {unknown}
 v - a scroll of enchant weapon {unknown}
 y - a scroll of immolation {unknown}
Potions
 f - 2 potions of might
 h - a potion of cancellation
 q - a potion of flight {unknown}
 x - a potion of invisibility {unknown}
 D - a potion of agility {unknown}
Books
 u - a book of Minor Magic
   (You found it on level 3 of the Dungeon)

   Spells                             Type                      Level
   a - Magic Dart                     Conjuration                  1
   b - Blink                          Translocation                2
   c - Call Imp                       Summoning                    2
   d - Repel Missiles                 Charms/Air                   2
   e - Slow                           Hexes                        2
   f - Conjure Flame                  Conjuration/Fire             3
   g - Mephitic Cloud                 Conjuration/Poison/Air       3
Comestibles
 c - 4 bread rations
 w - 2 meat rations
 C - a slice of pizza


   Skills:
 + Level 3.9(8.9) Fighting
 + Level 10.0(15.0) Bows
 + Level 4.1(9.1) Dodging
 - Level 1.1(6.1) Stealth
 + Level 2.1 Invocations


You had 6 spell levels left.
You didn't know any spells.

Dungeon Overview and Level Annotations

Branches:
Dungeon (7/15)             Temple (0/1) D:5

Altars:
Okawaru
Yredelemnul
Zin

Annotations:
D:4 Menkaure


Innate Abilities, Weirdness & Mutations

You have a pair of small antennae on your head.
You expend magic power (3 MP) to strengthen your wands.
Your movements are slightly less encumbered by armour. (ER -2)


Message History

Aim: Duvessa, wielding a rapier of speed (moderately wounded, slow)
You shoot an arrow. The arrow hits the orc!
You kill the orc!
Okawaru accepts your kill.
Firing (i - inventory. (,) - cycle):
d - 9 arrows (quivered)
Press: ? - help, Shift-Dir - straight line, f - orc, p - Duvessa
Aim: an orc, wielding a club You shoot an arrow.
The arrow hits Duvessa!
Duvessa is heavily wounded.
Firing (i - inventory. (,) - cycle):
d - 8 arrows (quivered)
Press: ? - help, Shift-Dir - straight line, f - orc, p - orc
Aim: an orc, wearing a ring mail (moderately wounded)
You shoot an arrow. The arrow hits Duvessa!
Duvessa is severely wounded.
Firing (i - inventory. (,) - cycle):
d - 7 arrows (quivered)
Press: ? - help, Shift-Dir - straight line, f/p - orc
Aim: an orc, wearing a ring mail (moderately wounded)
You shoot an arrow.
The arrow hits Duvessa but does no damage.
Duvessa is severely wounded.
Firing (i - inventory. (,) - cycle):
d - 6 arrows (quivered)
Press: ? - help, Shift-Dir - straight line, f/p - orc
Aim: an orc, wearing a ring mail (moderately wounded)
You shoot an arrow. The arrow hits Duvessa!
You kill Duvessa!
Okawaru accepts your kill.
Your base Bows skill increases to level 10!
Your base Dodging skill increases to level 4!
Unknown command.
Firing (i - inventory. (,) - cycle):
d - 5 arrows (quivered)
Press: ? - help, Shift-Dir - straight line, f - orc warrior, p - orc
Aim: an orc warrior, wielding a scimitar and wearing a plate armour You shoot an arrow.
The arrow hits the orc but does no damage.
Okay, then.
Okay, then.
The orc misses you.
Items here: ( ) [ † a dagger; a leather armour; 2 arrows; an orc corpse
d - 6 arrows (gained 2)
The orc misses you.
Firing (i - inventory. (,) - cycle):
d - 6 arrows (quivered)
Press: ? - help, Shift-Dir - straight line, f/p - orc warrior
Aim: an orc warrior, wielding a scimitar and wearing a plate armour You shoot an arrow.
The arrow hits the orc.
The orc is lightly wounded.
Firing (i - inventory. (,) - cycle):
d - 5 arrows (quivered)
Press: ? - help, Shift-Dir - straight line, f - orc, p - orc warrior
Aim: an orc, wearing a ring mail (moderately wounded)
You shoot an arrow.
The arrow hits the orc but does no damage.
The orc is lightly wounded.
The orc barely misses you.
Firing (i - inventory. (,) - cycle):
d - 4 arrows (quivered)
Press: ? - help, Shift-Dir - straight line, f/p - orc
Aim: an orc, wearing a ring mail (moderately wounded)
You shoot an arrow. The arrow closely misses the orc.
The arrow hits the orc warrior.
The orc warrior is lightly wounded.
The orc hits you but does no damage.
Wield which item (- for none, * to show all)? (? for menu, Esc to quit)
b - a +3 hand axe (weapon)
You barely miss the orc.
The orc is lightly wounded.
The orc misses you.
You hit the orc.
The orc is moderately wounded.
Okay, then.
a - a +1 shortbow (weapon)
You feel like a meek peon again.
Firing (i - inventory. (,) - cycle):
d - 3 arrows (quivered)
Press: ? - help, Shift-Dir - straight line, f/p - orc
Aim: an orc, wearing a ring mail (moderately wounded)
You shoot an arrow.
The arrow barely misses the orc warrior.
The arrow hits the orc!
You kill the orc!
Okawaru accepts your kill.
Firing (i - inventory. (,) - cycle):
d - 2 arrows (quivered)
Press: ? - help, Shift-Dir - straight line, f/p - orc
Aim: an orc, wearing a ring mail (moderately wounded)
You shoot an arrow.
The arrow barely misses the orc warrior.
The arrow hits the orc but does no damage.
The orc is moderately wounded.
The orc warrior closely misses you.
Firing (i - inventory. (,) - cycle):
d - an arrow (quivered)
Press: ? - help, Shift-Dir - straight line, f/p - orc
Aim: an orc, wearing a ring mail (moderately wounded)
You shoot an arrow. The arrow hits the orc warrior.
The orc warrior is lightly wounded.
The orc warrior hits you with a scimitar!
It was a potion of might.
You feel very mighty all of a sudden.
b - a +3 hand axe (weapon)
The orc warrior hits you with a scimitar!!
* * * LOW HITPOINT WARNING * * *
You gain the combat prowess of a mighty hero.
The orc warrior hits you with a scimitar!
You die...

### #.##### #.#...#
#############.#.#.#
#.....o..eo...#.#.####
#.###########(#......# #.#
#o###.##'## ####o# #o# #.....#
.o..)# #@# #.....######
e############ #.# #.....##...#
.........#..# #.# #.....##...#
o#######....# #.###..........#
............## #..............#
e............######...........#
(......##........##...........###
........#..#####.##..#........)..
.............# ....#.......<###


You could see an orc warrior and an orc.

Vanquished Creatures
  Duvessa (D:6)
  An ogre (D:6)
  A black bear (D:7)
  A bullfrog (D:4)
  Dowan (D:6)
  A bullfrog zombie (D:6)
  2 hounds
  A quasit (D:7)
  2 jellies (D:6)
  2 iguanas
  Natasha (D:4)
  A worker ant (D:4)
  4 adders
  An ooze (D:2)
  An adder skeleton (D:5)
  2 adder zombies
  A worm (D:4)
  3 leopard geckos
  5 orcs
  A giant cockroach (D:3)
  5 goblins
  A hobgoblin (D:1)
  5 jackals
  2 kobolds (D:1)
  2 quokkas
  6 bats
  4 frilled lizards
  A jackal skeleton (D:4)
  A quokka skeleton (D:6)
  A rat (D:1)
  A spectral orc (D:2)
62 creatures vanquished.

Notes
Turn   | Place    | Note
-------+----------+-------------------------------------------
     0 | D:1      | tidbits the High Elf Hunter began the quest for the Orb.
     0 | D:1      | Reached XP level 1. HP: 14/14 MP: 2/2
   233 | D:2      | Reached skill level 6 in Bows
   233 | D:2      | Reached XP level 2. HP: 19/19 MP: 3/3
   345 | D:2      | Found a basalt altar of Yredelemnul.
   414 | D:2      | Found an iron altar of Okawaru.
   425 | D:2      | Became a worshipper of Warmaster Okawaru
   426 | D:2      | boooooring
   646 | D:3      | Reached XP level 3. HP: 23/24 MP: 4/4
   693 | D:3      | Found a faded altar of an unknown god.
   732 | D:4      | Reached skill level 7 in Bows
   892 | D:3      | Reached XP level 4. HP: 23/29 MP: 5/5
   896 | D:3      | Reached skill level 8 in Bows
  1012 | D:4      | Reached XP level 5. HP: 4/34 MP: 6/6
  1012 | D:4      | HP: 2/34 [poisoned by a worker ant]
  1021 | D:4      | Noticed Menkaure
  1031 | D:4      | Reached * piety under Okawaru
  1031 | D:4      | Reached skill level 9 in Bows
  1077 | D:4      | Reached skill level 1 in Invocations
  1079 | D:4      | Noticed Natasha
  1096 | D:4      | Killed Natasha
  1096 | D:4      | Reached skill level 2 in Invocations
  1128 | D:4      | Gained mutation: You have a pair of small antennae on your head. [potion of mutation]
  1128 | D:4      | Gained mutation: Your movements are slightly less encumbered by armour. (ER -2) [potion of mutation]
  1128 | D:4      | Gained mutation: You expend magic power (3 MP) to strengthen your wands. [potion of mutation]
  1195 | D:5      | Entered Level 5 of the Dungeon
  1276 | D:7      | Reached XP level 6. HP: 31/39 MP: 8/8
  1373 | D:6      | Reached skill level 3 in Fighting
  1373 | D:6      | Reached skill level 3 in Dodging
  1389 | D:5      | Found a staircase to the Ecumenical Temple.
  1481 | D:6      | Reached XP level 7. HP: 46/46 MP: 7/9
  1503 | D:6      | Found a basalt altar of Yredelemnul.
  1561 | D:6      | Found a glowing silver altar of Zin.
  1572 | D:6      | Noticed Dowan
  1574 | D:6      | Noticed Duvessa
  1621 | D:6      | Killed Dowan
  1667 | D:6      | Killed Duvessa
  1667 | D:6      | Reached skill level 10 in Bows
  1667 | D:6      | Reached skill level 4 in Dodging
  1683 | D:6      | Slain by an orc warrior

Skill      XL: |  1  2  3  4  5  6  7 |
---------------+----------------------+-----
Bows           | 6 7 8 9 10 | 10.0
Invocations    | 2 |  2.1
Fighting       | 3 |  3.9
Dodging        | 3 4 |  4.1
Stealth        | |  1.1

Action                   |  1- 3 |  4- 6 |  7- 9 || total
-------------------------+-------+-------+-------++-------
Melee: Hand axe          |    43 |    37 |    14 ||    94
 Fire: Shortbow          |    53 |    78 |    42 ||   173
Throw: Stone             |       |     2 |       ||     2
Invok: Heroism           |       |     4 |     6 ||    10
  Use: Scroll            |       |     4 |       ||     4
       Potion            |       |     4 |     1 ||     5
  Eat: Chunk             |       |     1 |       ||     1
       Royal jelly       |       |       |     1 ||     1
Armor: Scale mail        |    13 |       |       ||    13
       Ring mail         |    25 |    35 |     5 ||    65
Dodge: Dodged            |    49 |    40 |    30 ||   119

Table legend:
 A = Turns spent in this place as a percentage of turns spent in the entire game.
 B = Non-inter-level travel turns spent in this place as a percentage of non-inter-level travel turns spent in the entire game.
 C = Inter-level travel turns spent in this place as a percentage of turns spent in this place.
 D = Turns resting spent in this place as a percentage of non-inter-level travel turns spent in this place.
 E = Turns spent auto-exploring this place as a percentage of non-inter-level travel turns spent in this place.
 F = Non-inter-level travel turns spent in this place divided by the number of levels of this place that you've seen.
                   A       B       C       D       E      F
               +-------+-------+-------+-------+-------+----------------------
         Total | 100.0 | 100.0 |   0.0 |   0.0 |   0.0 | 214.0
       Dungeon | 100.0 | 100.0 |   0.0 |   0.0 |   0.0 | 214.0
               +-------+-------+-------+-------+-------+----------------------

Table legend:
 A = Kills in this place as a percentage of kills in entire the game.
 B = Kills by you in this place as a percentage of kills by you in the entire game.
 C = Kills by friends in this place as a percentage of kills by friends in the entire game.
 D = Other kills in this place as a percentage of other kills in the entire game.
 E = Experience gained in this place as a percentage of experience gained in the entire game.
 F = Experience gained in this place divided by the number of levels of this place that you have seen.
                   A       B       C       D       E      F
               +-------+-------+-------+-------+-------+----------------------
         Total | 100.0 | 100.0 |  -nan |  -nan | 100.0 | 158.7
       Dungeon | 100.0 | 100.0 |  -nan |  -nan | 100.0 | 158.7
               +-------+-------+-------+-------+-------+----------------------

Vault maps used:
D:1:      matt_arrival_los_fun, hangedman_decor_diamond_cutter
D:2:      yredelemnul_forgotten_temple_becter, kennysheep_okawaru_gauntlet,
          first_bread, minmay_small_reverse_x
D:3:      ecumenical_altar_1
D:4:      uniq_menkaure, uniq_natasha
D:5:      temple_statues
D:6:      kennysheep_mini, basic_altar, uniq_duvessa, uniq_pikel
